 Dungeon Crawl Stone Soup version 0.25.1-2-g60ff931df9 (webtiles) character file.

Game seed: 6789724800625164004

541117 Delamore the Hoplite (level 25, -4/175 HPs)
             Began as a Gargoyle Fighter on Sept 21, 2020.
             Was the Champion of Okawaru.
             Slain by an Ice Fiend (7 damage)
             ... summoned by a lich
             ... while paralysed by a floating eye
             ... on level 4 of the Depths.
             The game lasted 01:09:47 (49342 turns).

Delamore the Hoplite (Gargoyle Fighter)            Turns: 49342, Time: 01:09:48

Health: -4/175     AC: 36    Str: 28    XL:     25   Next: 99%
Magic:  37/37      EV:  2    Int: 18    God:    Okawaru [******]
Gold:   8321       SH:  0    Dex: 14    Spells: 43/44 levels left

rFire    + + +     SeeInvis +   S - +7 sceptre of Torment {pain, torment}
rCold    + + +     Gourm    .   w - +8 tower shield {reflect}
rNeg     + + .     Faith    .   D - +2 plate armour {MR+}
rPois    ∞         Spirit   .   c - -2 hat of the Alchemist {rElec rPois rF+ rC+ rN+ MR+ rMut rCorr}
rElec    +         Reflect  +   T - scarf {rC+ rF+}
rCorr    +         Harm     .   U - +0 pair of gloves of Instinct {rF+ Dex+5}
rMut     +                      G - +2 pair of boots {Fly}
MR       +++++                  N - amulet of Zurch {Regen+ Str+3}
Stlth    ..........             I - ring of see invisible
HPRegen  0.79/turn              X - ring "Veet" {rPois rF+ rC+ MR++ Int+2}
MPRegen  0.25/turn

@: paralysed, lightly drained
A: big wings, deformed body, negative energy resistance 1, electricity
resistance, unbreathing, petrification resistance, rot immunity, AC +19
}: 3/15 runes: serpentine, barnacled, silver
a: Fly, Heroism, Finesse, Renounce Religion, Evoke Flight


You were on level 4 of the Depths.
You worshipped Okawaru.
Okawaru was exalted by your worship.
You were not hungry.

You visited 8 branches of the dungeon, and saw 42 of its levels.
You visited the Abyss 1 time.
You also visited: Ice Cave, Wizlab and Desolation.

You collected 9066 gold pieces.
You spent 745 gold pieces at shops.

Inventory:

Hand Weapons
 S - the +7 sceptre of Torment (weapon) {pain, torment}
   (You acquired it on level 9 of the Dungeon)

   In the hands of one skilled in necromantic magic, it inflicts extra damage on
   living creatures.
Missiles
 m - 32 silver javelins (quivered)
 P - 78 javelins
Armour
 a - a +0 pair of gloves of archery
 c - the -2 hat of the Alchemist (worn) {rElec rPois rF+ rC+ rN+ MR+ rMut rCorr}
   (You found it on level 5 of the Vaults)

   It protects you from fire.
   It protects you from cold.
   It insulates you from electricity.
   It protects you from poison.
   It protects you from negative energy.
   It affects your resistance to hostile enchantments.
   It provides partial protection from all sources of acid and corrosion.
   It protects you from mutation.
 w - a +8 tower shield of reflection (worn)
 D - a +2 plate armour of magic resistance (worn)
 G - a +2 pair of boots of flying (worn)
 T - a scarf of resistance (worn)
 U - the +0 pair of gloves of Instinct (worn) {rF+ Dex+5}
   (Okawaru gifted it to you on level 1 of the Vaults)

   It affects your dexterity (+5).
   It protects you from fire.
Jewellery
 k - an uncursed ring of protection from fire
 q - a +4 ring of slaying
 C - the ring "Eneb Zus" {rElec rF+ MR- Int+6 Dex+6, unknown}
   (You bought it in a shop on level 3 of the Depths)

   [ring of dexterity]

   It affects your intelligence (+6).
   It affects your dexterity (+6).
   It protects you from fire.
   It insulates you from electricity.
   It affects your resistance to hostile enchantments.
 H - the amulet of Olexet {Acrobat rElec Str+3 SInv Stlth+, unknown}
   (You bought it in a shop on level 3 of the Depths)

   [amulet of the acrobat]

   It helps you evade while moving and waiting.
   It affects your strength (+3).
   It insulates you from electricity.
   It lets you see invisible.
   It makes you more stealthy.
 I - a ring of see invisible (left hand)
 N - the amulet of Zurch (around neck) {Regen+ Str+3}
   (You acquired it on level 9 of the Dungeon)

   [amulet of regeneration]

   It affects your strength (+3).
   It increases your rate of regeneration.
 W - a +6 ring of dexterity
 X - the ring "Veet" (right hand) {rPois rF+ rC+ MR++ Int+2}
   (You found it in the Desolation of Salt)

   [ring of protection from cold]

   It affects your intelligence (+2).
   It protects you from fire.
   It protects you from cold.
   It protects you from poison.
   It affects your resistance to hostile enchantments.
Wands
 r - a wand of acid (34)
 u - a wand of iceblast (20)
 E - a wand of clouds (11)
 J - a wand of polymorph (6)
 L - a wand of digging (9)
 O - a wand of disintegration (10)
 Q - a wand of flame (57)
Scrolls
 e - 7 scrolls of brand weapon
 f - 3 scrolls of magic mapping
 g - 16 scrolls of teleportation
 i - a scroll of silence
 j - 6 scrolls of fear
 n - 3 scrolls of fog
 s - 7 scrolls of blinking
 v - 5 scrolls of enchant armour
 y - 2 scrolls of immolation
 B - 19 scrolls of remove curse
 F - 4 scrolls of amnesia
 R - a scroll of identify
 Z - 4 scrolls of enchant weapon
Potions
 b - 5 potions of haste
 d - 4 potions of might
 h - 7 potions of heal wounds
 l - 13 potions of curing
 o - a potion of magic
 p - 3 potions of stabbing
 x - 3 potions of mutation
 z - 2 potions of berserk rage
 A - a potion of cancellation
 M - 6 potions of resistance
Miscellaneous
 t - 2 phantom mirrors
 K - a lightning rod (4/4)
Comestibles
 V - 17 rations
 Y - 10 chunks of flesh


   Skills:
 + Level 22.6 Fighting
 + Level 22.2 Maces & Flails
 - Level 5.0(4.9) Throwing
 + Level 15.7 Armour
 - Level 25.0(24.9) Shields
 - Level 10.0(9.9) Spellcasting
 - Level 9.5 Necromancy
 - Level 5.0(4.9) Invocations
 - Level 5.0(4.9) Evocations


You had 43 spell levels left.
You knew the following spells:

 Your Spells              Type           Power        Failure   Level  Hunger
a - Pain                  Necr           ####         1%          1    None

Your spell library contained the following spells:

 Spells                   Type           Power        Failure   Level  Hunger
 Animate Skeleton         Necr           N/A          1%          1    None
 Vampiric Draining        Necr           #####.....   2%          3    None
 Animate Dead             Necr           N/A          9%          4    ###....
 Dispel Undead            Necr           #####...     9%          4    ###....
 Corpse Rot               Necr/Air       N/A          10%         2    None
 Agony                    Necr           #####...     26%         5    #####..
 Apportation              Tloc           #.....       43%         1    None
 Beastly Appendage        Tmut           #.....       43%         1    None
 Corona                   Hex            #......      43%         1    None
 Freeze                   Ice            #...         43%         1    None
 Magic Dart               Conj           #...         43%         1    None
 Summon Butterflies       Summ           #.......     43%         1    None
 Summon Small Mammal      Summ           #...         43%         1    None
 Blink                    Tloc           N/A          56%         2    None
 Call Imp                 Summ           #.......     56%         2    None
 Ensorcelled Hibernation  Hex/Ice        #.....       56%         2    None
 Searing Ray              Conj           #.....       56%         2    None
 Slow                     Hex            #.......     56%         2    None
 Sticks to Snakes         Tmut           #.......     56%         2    None
 Swiftness                Chrm/Air       #.......     56%         2    None
 Call Canine Familiar     Summ           #.......     80%         3    None
 Conjure Flame            Conj/Fire      #.......     80%         3    None
 Dazzling Flash           Conj/Hex       #.....       80%         3    None
 Frozen Ramparts          Ice            #.....       80%         3    None
 Gell's Gravitas          Tloc           #.........   80%         3    None
 Ignite Poison            Fire/Tmut/Pois #.......     80%         3    None
 Inner Flame              Hex/Fire       #.......     80%         3    None
 Lesser Beckoning         Tloc           #.........   80%         3    None
 Mephitic Cloud           Conj/Pois/Air  #.......     80%         3    None
 Ozocubu's Armour         Chrm/Ice       #.......     80%         3    None
 Portal Projectile        Hex/Tloc       #.....       80%         3    None
 Spectral Weapon          Hex/Chrm       #.......     80%         3    None
 Spider Form              Tmut/Pois      #.........   80%         3    None
 Static Discharge         Conj/Air       #.......     80%         3    None
 Tukima's Dance           Hex            #.......     80%         3    None
 Excruciating Wounds      Chrm/Necr      ####......   87%         5    #####..
 Airstrike                Air            #.........   99%         4    ###....
 Cause Fear               Hex            #.........   99%         4    ###....
 Fulminant Prism          Conj/Hex       #.........   99%         4    ###....
 Hailstorm                Conj/Ice       #.......     99%         4    ###....
 Ice Form                 Ice/Tmut       #.......     99%         4    ###....
 Iskenderun's Mystic Bla  Conj/Tloc      #.......     99%         4    ###....
 Sticky Flame             Conj/Fire      #.......     99%         4    ###....
 Summon Ice Beast         Ice/Summ       #.......     99%         4    ###....
 Summon Lightning Spire   Summ/Air       #.......     99%         4    ###....
 Alistair's Intoxication  Tmut/Pois      #.......     100%        5    #####..
 Blade Hands              Tmut           #.........   100%        5    #####..
 Irradiate                Conj/Tmut      #.........   100%        5    #####..
 Lightning Bolt           Conj/Air       #.........   100%        5    #####..
 Metabolic Englaciation   Hex/Ice        #.........   100%        5    #####..
 Silence                  Hex/Air        #.........   100%        5    #####..
 Summon Mana Viper        Hex/Summ       #.......     100%        5    #####..
 Yara's Violent Unravell  Hex/Tmut       #.........   100%        5    #####..
 Conjure Ball Lightning   Conj/Air       #.........   100%        6    ######.
 Dispersal                Tloc           #.........   100%        6    ######.
 Hydra Form               Tmut           #.........   100%        6    ######.
 Invisibility             Hex            #.......     100%        6    ######.
 Shadow Creatures         Summ           N/A          100%        6    ######.
 Dragon Form              Tmut           #.........   100%        7    #######
 Summon Hydra             Summ           #.........   100%        7    #######
 Chain Lightning          Conj/Air       #.........   100%        8    #######
 Controlled Blink         Tloc           N/A          100%        8    #######
 Discord                  Hex            #.........   100%        8    #######
 Disjunction              Tloc           #.........   100%        8    #######
 Ignition                 Fire           #.........   100%        8    #######
 Lehudib's Crystal Spear  Conj/Erth      #.........   100%        8    #######
 Absolute Zero            Ice            #.........   100%        9    #######
 Fire Storm               Conj/Fire      #.........   100%        9    #######
 Shatter                  Erth           #.........   100%        9    #######
 Tornado                  Air            #.........   100%        9    #######
 Sublimation of Blood     Necr           Unusable     N/A         2    N/A
 Statue Form              Tmut/Erth      Unusable     N/A         6    N/A

Dungeon Overview and Level Annotations

Branches:
Dungeon (15/15)            Temple (0/1) D:7            Lair (6/6) D:11
 Shoals (4/4) Lair:2        Snake (4/4) Lair:2        Slime (0/5) Lair:5
    Orc (2/2) D:11            Elf (0/3) Orc:2        Vaults (5/5) D:13
  Crypt (0/3) Vaults:2     Depths (5/5) D:15           Hell (visited)
  IceCv (visited)          WizLab (visited)         Desolation (visited)
    Dis: Hell:1         Geh: Hell:1         Coc: Hell:1         Tar: Hell:1
    Zot: Depths:5

Altars:
Ashenzari
Cheibriados
Hepliaklqana
Makhleb
Nemelex Xobeh
Okawaru
Xom
Zin
Beogh
Jiyva

Shops:
D:4 %   D:7 !   D:9 [   D:10 }   D:13 =   D:15 (   Orc:1 =   Orc:2 :[*(
Shoals:2 %   Snake:1 }==   Snake:3 *   Depths:3 *

Portals:
Hell: Depths:1 Depths:2 Depths:3
Abyss: Depths:2
Ziggurat: Depths:2

Annotations:
Shoals:3 1 runed translucent door
Depths:2 3 runed translucent doors
Hell Geryon


Innate Abilities, Weirdness & Mutations

You are resistant to torment.
Your stone body is resilient. (AC +19)
You are immune to poison.
Your large and strong wings let you fly indefinitely.
You resist negative energy. (rN+)
You are resistant to electric shocks. (rElec)
You can survive without breathing.
You are immune to petrification.
You are immune to rotting.
Armour fits poorly on your strangely shaped body.


Message History

The frost giant convulses!
The lich touches you but does no damage.
The vampire knight hits you but does no damage.
The vampire knight bites you but does no damage.
The flayed ghost completely misses you.
The vampire knight hits you with a +0 long sword!
* * * LOW HITPOINT WARNING * * *
The vampire knight bites you but does no damage.
The Ice Fiend claws you but does no damage. x2
The lich touches you.
* * * LOW HITPOINT WARNING * * *
The flayed ghost hits you but does no damage.
The vampire knight hits you with a +0 long sword!
* * * LOW HITPOINT WARNING * * *
The vampire knight bites you but does no damage.
The Ice Fiend claws you but does no damage.
The Ice Fiend claws you!
* * * LOW HITPOINT WARNING * * *
The Ice Fiend freezes you! You resist.
You die...

### .. # C# ..
#$###L# ###...
#HCW@1#.......
#..(.G#V).......
#.###.#)###...###
.....#(.........
.....(...$.....
............####
##.....#........#
.....##........#..
..###..##........


You could see a frost giant, an Ice Fiend (summoned), a stone giant, a lich, a
vampire knight (fast, invisible), a flayed ghost, a harpy and a floating eye
(charged).

Vanquished Creatures
  2 ancient liches
  The ghost of Jesawniq the Conqueror, a legendary DrMo of Trog (Depths:3)
  Mara (Vaults:5)
  Bai Suzhen (Depths:1)
  Saint Roka (Snake:3)
  A caustic shrike (Depths:2)
  8 golden dragons
  Vashnia (Snake:2)
  A caustic shrike (shapeshifter) (Vaults:5)
  A bone dragon (Abyss:1)
  4 liches
  A Brimstone Fiend (Depths:2)
  Rupert (D:13)
  4 tentacled monstrosities
  An Ice Fiend (Depths:2)
  4 titans (Vaults:5)
  The ghost of chimenez the Basher, an adept TrFi of Okawaru (Shoals:4)
  2 sphinxes
  2 ancient champions (WizLab)
  Kirke (Lair:3)
  A storm dragon (Vaults:4)
  5 tengu reavers
  7 shadow dragons
  10 fire giants
  10 nagarajas
  A draconian monk (Abyss:1)
  Roxanne (Shoals:4)
  An orc warlord (D:11)
  13 vault wardens
  10 frost giants
  A balrug (Depths:2)
  Aizul (Snake:3)
  20 ironheart preservers
  14 very ugly things
  A deep elf elementalist (Vaults:5)
  A spriggan defender (Depths:3)
  4 war gargoyles
  2 vampire knights
  26 stone giants
  An ophan (Abyss:1)
  2 entropy weavers
  Nessos (D:14)
  2 deep elf demonologists (Vaults:5)
  4 halazid warlocks (Desolation)
  3 deep elf death magi
  A deep elf annihilator (Vaults:5)
  4 spark wasps
  5 merfolk javelineers (Shoals:4)
  7 ettins
  4 jiangshi
  2 blizzard demons (Depths:2)
  Snorg (D:14)
  3 crystal guardians
  11 fire dragons
  12 merfolk impalers
  6 great orbs of eyes
  3 deep elf high priests
  3 rakshasas
  29 vault guards
  13 yaktaur captains
  17 naga warriors
  Erolcha (D:13)
  7 hydras
  2 ragged hierophants (Desolation)
  14 servants of whispers (Desolation)
  4 spriggan air magi
  16 ogre magi
  6 ice dragons
  8 peacekeepers
  14 centaur warriors
  7 merfolk avatars
  An alligator snapping turtle (Shoals:4)
  44 two-headed ogres
  7 merfolk aquamancers
  The ghost of Chimkentus the Vexing, a journeyman OpAM of Nemelex Xobeh (Orc:2)
  10 death yaks
  12 anacondas
  2 catoblepae (Lair:6)
  2 dancing weapons (D:13)
  3 death knights
  A satyr (shapeshifter) (Vaults:5)
  4 satyrs
  22 naga sharpshooters
  8 deep troll earth magi
  8 deep troll shamans
  A tengu warrior (Depths:2)
  Nergalle (Orc:1)
  5 shock serpents
  A spriggan berserker (Depths:3)
  A thrashing horror (Abyss:1)
  5 vampire magi
  11 deep elf knights
  Sonja (D:13)
  7 sun demons
  A shadow wraith (Abyss:1)
  4 iron trolls
  A wretched star (Abyss:1)
  15 skeletal warriors
  A golden dragon zombie (Depths:2)
  3 unseen horrors (Vaults:1)
  4 salamander mystics
  25 deep trolls
  An unseen horror (shapeshifter) (Depths:2)
  2 glowing orange brains
  13 orc knights
  9 hell knights
  A sixfirhy (Abyss:1)
  10 sea snakes
  2 naga ritualists
  8 wizards
  A shadow demon (Abyss:1)
  6 deep elf archers
  A kraken simulacrum (Shoals:4)
  Pikel (D:4)
  11 ironbrand convokers
  5 flayed ghosts
  A tengu zombie (Vaults:3)
  A lindwurm (Lair:6)
  27 harpies
  A shadow dragon zombie (D:15)
  A wolf spider (shapeshifter) (Depths:2)
  4 phantasmal warriors
  6 mana vipers
  9 necromancers
  A faun (shapeshifter) (Depths:3)
  13 deep elf magi
  An oklob plant (Lair:4)
  An iron dragon zombie (D:15)
  A tengu skeleton (Vaults:3)
  2 wolf spiders (Vaults:2)
  A shining eye (shapeshifter) (Vaults:5)
  2 stone giant zombies
  3 orc sorcerers
  34 ugly things
  11 manticores
  5 elephants (Lair:5)
  15 salamanders
  12 cyclopes
  A moth of wrath (shapeshifter) (Depths:2)
  A cyclops (shapeshifter) (Depths:1)
  20 fauns
  A large abomination (Abyss:1)
  An iron dragon skeleton (Abyss:1)
  16 naga magi
  3 molten gargoyles (Desolation)
  7 merfolk sirens
  6 guardian serpents
  6 water nymphs
  10 vault sentinels
  4 ice statues
  An orange demon (Abyss:1)
  An orc zombie (Vaults:1)
  22 black mambas
  A torpor snail (Lair:2)
  A gargoyle (D:12)
  13 spiny frogs
  6 rime drakes
  An efreet (D:13)
  12 freezing wraiths
  4 komodo dragons
  A hellion (Abyss:1)
  37 yaktaurs
  17 ice devils
  A yaktaur skeleton (D:15)
  An ancient zyme (Abyss:1)
  12 trolls
  A tengu conjurer (D:13)
  21 merfolk
  A meliai (shapeshifter) (Vaults:2)
  A polar bear (shapeshifter) (Vaults:4)
  A spriggan skeleton (Depths:2)
  A tyrant leech (shapeshifter) (Vaults:5)
  2 polar bears
  56 saltlings
  A queen bee (Lair:3)
  3 wind drakes (Shoals:4)
  A jumping spider (shapeshifter) (Depths:2)
  A tengu simulacrum (Depths:2)
  A raiju (Abyss:1)
  21 blink frogs
  2 hornets (Vaults:4)
  6 dream sheep
  11 hippogriffs
  8 snapping turtles
  A stone giant simulacrum (Vaults:1)
  A spectral orc (Orc:2)
  A slime creature (shapeshifter) (Vaults:5)
  A fire giant simulacrum (Vaults:5)
  35 slime creatures
  3 redbacks
  A hippogriff (shapeshifter) (Depths:1)
  15 water elementals
  Sigmund (D:2)
  A flying skull (Abyss:1)
  2 wraiths
  A dire elephant simulacrum (Abyss:1)
  6 vampires
  3 ynoxinuls (Abyss:1)
  4 basilisks
  45 yaks
  4 wyverns
  A human (shapeshifter) (Vaults:4)
  2 fire bats (Abyss:1)
  A neqoxec (Abyss:1)
  2 hungry ghosts (D:10)
  3 hogs (Lair:3)
  A golden eye (shapeshifter) (Vaults:3)
  A steam dragon (D:8)
  11 vampire mosquitoes
  5 small abominations (Abyss:1)
  4 acid dragons
  14 wargs
  A soldier ant (D:11)
  6 two-headed ogre zombies (WizLab)
  53 nagas
  19 water moccasins
  9 porcupines
  An ice beast (shapeshifter) (Vaults:3)
  A swamp drake (shapeshifter) (Vaults:2)
  6 ice beasts
  34 orc warriors
  8 sky beasts
  5 phantoms
  69 ogres
  An eye of draining (shapeshifter) (Depths:2)
  2 boggarts
  30 centaurs
  4 wolves
  10 crocodiles
  3 big kobolds
  Blork the orc (D:5)
  12 bullfrogs
  3 human skeletons
  3 scorpions
  34 killer bees
  10 troll zombies (WizLab)
  A spectral ogre (Orc:2)
  10 wights
  A vampire bat (Orc:1)
  3 howler monkeys
  4 electric eels
  4 crimson imps
  4 centaur zombies
  2 draconian simulacra (IceCv)
  2 human simulacra
  6 jellies
  A yaktaur simulacrum (Vaults:1)
  8 hounds
  17 orc wizards
  3 bullfrog skeletons
  20 orc priests
  A hound (shapeshifter) (Vaults:4)
  3 centaur skeletons
  A warg simulacrum (Orc:2)
  A cyclops simulacrum (Orc:2)
  5 iguanas
  A hell rat (Lair:3)
  13 worker ants
  2 spriggan simulacra
  3 troll simulacra (IceCv)
  6 ogre zombies (WizLab)
  A centaur simulacrum (IceCv)
  A hound zombie (D:7)
  Robin (D:3)
  11 gnolls
  4 ogre simulacra
  15 adders
  A naga simulacrum (IceCv)
  A shadow imp (D:6)
  14 white imps
  5 oozes (D:8)
  2 adder skeletons (D:4)
  An adder zombie (D:7)
  3 worms
  5 dart slugs
  8 leopard geckos
  A leopard gecko (shapeshifter) (Vaults:5)
  112 orcs
  18 bats
  2 giant cockroaches (D:1)
  28 goblins
  43 hobgoblins
  22 jackals
  5 quokkas
  A ball python (D:2)
  5 frilled lizards
  21 kobolds
  6 rats
  A lurking horror (Abyss:1)
  A tentacle (Shoals:4)
2118 creatures vanquished.

Vanquished Creatures (others)
  An eldritch tentacle (Shoals:4)
  A nagaraja (Snake:4)
  A fire giant (Depths:1)
  An ogre mage (Vaults:2)
  A two-headed ogre (Vaults:2)
  An unseen horror (Vaults:1)
  A manticore (Shoals:4)
  A yaktaur (Vaults:2)
  2 saltlings (Desolation)
  3 nagas (Snake:4)
  An orc warrior (Vaults:4)
  A worm (D:4)
  2 leopard geckos (D:4)
  2 jackals (D:4)
  14 plants
  2 tentacles (Shoals:4)
35 creatures vanquished.

Grand Total: 2153 creatures vanquished

Notes
Turn   | Place    | Note
-------+----------+-------------------------------------------
     0 | D:1      | Delamore the Gargoyle Fighter began the quest for the Orb.
     0 | D:1      | Reached XP level 1. HP: 14/14 MP: 1/1
   263 | D:1      | Reached XP level 2. HP: 18/19 MP: 2/2
   649 | D:1      | Reached XP level 3. HP: 24/24 MP: 3/3
  1243 | D:2      | Reached skill level 4 in Shields
  1243 | D:2      | Reached XP level 4. HP: 23/29 MP: 4/4
  1575 | D:2      | Found a shimmering altar of Xom.
  1603 | D:2      | Found an iron altar of Okawaru.
  1615 | D:2      | Reached XP level 5. HP: 20/34 MP: 5/5
  1653 | D:2      | Became a worshipper of Warmaster Okawaru
  1975 | D:2      | Found a hazy altar of Hepliaklqana.
  2098 | D:2      | Noticed Sigmund
  2835 | D:3      | Noticed Robin
  2854 | D:3      | Killed Robin
  2854 | D:3      | Reached XP level 6. HP: 39/40 MP: 6/6
  3095 | D:2      | Reached skill level 5 in Shields
  3146 | D:2      | Killed Sigmund
  3146 | D:2      | Reached * piety under Okawaru
  3146 | D:2      | Reached skill level 5 in Fighting
  3146 | D:2      | Reached skill level 5 in Maces & Flails
  3329 | D:4      | Noticed Pikel
  3329 | D:4      | Noticed a slave
  3329 | D:4      | Noticed a slave
  3333 | D:4      | Noticed a slave
  3341 | D:4      | Noticed a slave
  3348 | D:4      | Killed Pikel
  3348 | D:4      | Reached ** piety under Okawaru
  3348 | D:4      | Reached XP level 7. HP: 36/44 MP: 7/7
  3348 | D:4      | Reached XP level 8. HP: 41/49 MP: 8/8
  3425 | D:4      | Found Aryxor's Food Emporium.
  4284 | D:5      | Entered Level 5 of the Dungeon
  4303 | D:5      | HP: 1/49 [orc priest/divine providence (14)]
  4693 | D:5      | Found a glowing silver altar of Zin.
  4693 | D:5      | Found a burning altar of Makhleb.
  4695 | D:5      | Noticed a green death
  4695 | D:5      | Noticed an angel
  4708 | D:5      | Noticed Blork the orc
  4730 | D:5      | Killed Blork the orc
  4823 | D:5      | Found a snail-covered altar of Cheibriados.
  4823 | D:5      | Found a sparkling altar of Nemelex Xobeh.
  5495 | D:6      | Found a shattered altar of Ashenzari.
  5542 | D:6      | Reached skill level 10 in Maces & Flails
  5712 | D:6      | Reached *** piety under Okawaru
  5712 | D:6      | Reached XP level 9. HP: 23/54 MP: 9/9
  7562 | D:7      | Found Buop Eli's Distillery.
  7587 | D:7      | Reached **** piety under Okawaru
  7685 | D:7      | Bought a potion of heal wounds for 75 gold pieces
  7685 | D:7      | Bought a potion of heal wounds for 75 gold pieces
  7685 | D:7      | Bought a potion of degeneration for 15 gold pieces
  7773 | D:7      | Found a staircase to the Ecumenical Temple.
  8119 | D:7      | You fall into a shaft and drop 1 floor!
  8142 | D:8      | Noticed a two-headed ogre
  8143 | D:8      | Noticed a two-headed ogre
  8751 | D:8      | Reached XP level 10. HP: 59/59 MP: 10/10
  8836 | D:8      | Killed a two-headed ogre
  8836 | D:8      | Reached ***** piety under Okawaru
  9445 | D:8      | Killed a two-headed ogre
  9445 | D:8      | Received a gift from Okawaru
 10122 | D:9      | Found Daiz's Armour Shop.
 10224 | D:8      | Reached skill level 6 in Shields
 10547 | D:8      | Reached XP level 11. HP: 39/66 MP: 11/11
 10869 | D:9      | Got a jewelled buckler
 10880 | D:9      | Identified the +1 buckler of Vodeshudgh {Str+3} (You found
                  | it on level 9 of the Dungeon)
 11092 | D:9      | Identified 2 scrolls of acquirement
 11093 | D:9      | Acquired the +7 sceptre of Torment {pain, torment}
 11094 | D:9      | Found the +7 sceptre of Torment {pain, torment}
 11095 | D:9      | Acquired the amulet of Zurch {Regen+ Str+3}
 11111 | D:10     | Entered Level 10 of the Dungeon
 11202 | D:10     | Found Ygaff's Gadget Boutique.
 11241 | D:10     | Received a gift from Okawaru
 11580 | D:10     | Noticed a two-headed ogre
 11587 | D:10     | Killed a two-headed ogre
 11950 | D:11     | Found a staircase to the Orcish Mines.
 12034 | D:11     | Noticed a cyclops
 12040 | D:11     | Killed a cyclops
 12040 | D:11     | Reached skill level 15 in Maces & Flails
 12345 | D:11     | Noticed a manticore
 12361 | D:11     | Killed a manticore
 12600 | D:11     | Found a staircase to the Lair.
 12636 | Lair:1   | Entered Level 1 of the Lair of Beasts
 12646 | Lair:1   | Reached XP level 12. HP: 56/76 MP: 12/12
 12811 | Lair:1   | Reached ****** piety under Okawaru
 13554 | Lair:2   | Reached skill level 10 in Fighting
 13567 | Lair:2   | Received a gift from Okawaru
 13897 | Lair:2   | Found a staircase to the Shoals.
 14198 | Lair:2   | Found a staircase to the Snake Pit.
 14409 | Lair:2   | Noticed an ice dragon
 14424 | Lair:2   | Killed an ice dragon
 14757 | Shoals:1 | Entered Level 1 of the Shoals
 14777 | Lair:3   | Reached skill level 7 in Shields
 14778 | Lair:3   | Reached XP level 13. HP: 66/88 MP: 13/13
 15002 | Lair:3   | Received a gift from Okawaru
 15137 | Lair:3   | Reached skill level 8 in Shields
 15614 | Lair:3   | Reached skill level 9 in Shields
 15631 | Lair:3   | Acquired a manual of Maces & Flails
 16106 | Lair:4   | Noticed Kirke
 16275 | Lair:3   | Killed Kirke
 16669 | Lair:4   | You are sucked into a shaft and drop 2 floors!
 16669 | Lair:6   | Entered Level 6 of the Lair of Beasts
 16690 | Lair:6   | Received a gift from Okawaru
 16690 | Lair:6   | Reached skill level 10 in Shields
 17291 | Lair:6   | Reached skill level 15 in Fighting
 17295 | Lair:6   | Reached skill level 11 in Shields
 17295 | Lair:6   | Gained mutation: Your large and strong wings let you fly
                  | indefinitely. [Gargoyle growth]
 17295 | Lair:6   | Reached XP level 14. HP: 89/98 MP: 14/14
 17631 | Lair:6   | Reached skill level 12 in Shields
 17768 | Lair:6   | Found the amulet of the Air {Inacc +Fly rElec EV+5 RMsl}
 17773 | Lair:6   | Received a gift from Okawaru
 17986 | Lair:5   | Found a viscous altar of Jiyva.
 17986 | Lair:5   | Found a staircase to the Slime Pits.
 18017 | Lair:5   | Reached skill level 13 in Shields
 18322 | Lair:5   | Received a gift from Okawaru
 18327 | Lair:5   | Reached skill level 14 in Shields
 18927 | Lair:5   | You are sucked into a shaft and drop 1 floor!
 19557 | Orc:1    | Entered Level 1 of the Orcish Mines
 19618 | Orc:1    | Noticed an orc warlord
 19620 | Orc:1    | Reached skill level 1 in Throwing
 19620 | Orc:1    | Noticed Nergalle
 19761 | D:11     | Killed an orc warlord
 19859 | Orc:1    | Killed Nergalle
 19952 | Orc:1    | Found Ajosaem's Jewellery Boutique.
 19984 | Orc:1    | Found a roughly hewn altar of Beogh.
 20257 | Orc:1    | You are sucked into a shaft and drop 1 floor!
 20257 | Orc:2    | Entered Level 2 of the Orcish Mines
 20320 | Orc:2    | Reached XP level 15. HP: 90/103 MP: 15/15
 20350 | Orc:2    | Reached skill level 5 in Armour
 20376 | Orc:2    | Reached skill level 15 in Shields
 20511 | Orc:2    | Found a staircase to the Elven Halls.
 20513 | Orc:2    | Found a runed translucent gate.
 20514 | Orc:2    | Found a runed translucent gate.
 20515 | Orc:2    | Found a runed translucent gate.
 20516 | Orc:2    | Noticed Chimkentus's ghost (journeyman OpAM)
 20879 | Orc:2    | Received a gift from Okawaru
 20946 | Orc:2    | Received a gift from Okawaru
 21225 | Orc:2    | Reached skill level 5 in Throwing
 21251 | Orc:2    | Found Guxireud's Antique Weapon Shop.
 21327 | Orc:2    | Found Qen Towasu's General Store.
 21332 | Orc:2    | Found Estuyn Weqo's Antique Armour Shoppe.
 21339 | Orc:2    | Bought a scroll of identify for 30 gold pieces
 21341 | Orc:2    | Found Katsiwud's Book Boutique.
 21630 | Orc:2    | Killed Chimkentus's ghost
 22025 | D:12     | Found a burning altar of Makhleb.
 22156 | D:12     | Received a gift from Okawaru
 22271 | D:12     | Learned a level 1 spell: Pain
 22630 | D:13     | Reached skill level 1 in Necromancy
 22631 | D:13     | Noticed Sonja
 22639 | D:13     | Killed Sonja
 22688 | D:13     | Noticed Rupert
 22696 | D:13     | Killed Rupert
 22763 | D:13     | Reached skill level 10 in Armour
 22822 | D:13     | Noticed Erolcha
 22831 | D:13     | Killed Erolcha
 22970 | D:13     | Reached skill level 1 in Invocations
 22995 | D:13     | Found Zaimoegu's Jewellery Shoppe.
 23009 | D:13     | Found a gate to the Vaults.
 23186 | D:14     | Reached skill level 1 in Evocations
 23187 | D:14     | Noticed Nessos
 23197 | D:14     | Killed Nessos
 23219 | D:14     | Found a frozen archway.
 23262 | IceCv    | Entered an ice cave
 23292 | IceCv    | Reached XP level 16. HP: 108/108 MP: 17/17
 23728 | D:14     | Noticed Snorg
 23737 | D:14     | Killed Snorg
 24028 | D:15     | Entered Level 15 of the Dungeon
 24042 | D:15     | Received a gift from Okawaru
 24258 | D:15     | Found a staircase to the Depths.
 24276 | D:15     | Reached skill level 5 in Necromancy
 24495 | D:15     | Found Keixt's Weapon Boutique.
 24733 | D:15     | Reached skill level 5 in Invocations
 25039 | Snake:1  | Entered Level 1 of the Snake Pit
 25294 | Snake:1  | Received a gift from Okawaru
 25298 | Snake:1  | Reached skill level 5 in Evocations
 25307 | Snake:1  | Got a twisted morningstar {god gift}
 25630 | Snake:1  | Found Qecs's Jewellery Shoppe.
 25631 | Snake:1  | Found Xuokh's Gadget Boutique.
 25632 | Snake:1  | Found Puffud's Jewellery Shoppe.
 26471 | Snake:2  | Received a gift from Okawaru
 26688 | Snake:2  | Received a gift from Okawaru
 26851 | Snake:2  | Noticed a nagaraja
 26863 | Snake:2  | Killed a nagaraja
 26870 | Snake:2  | Received a gift from Okawaru
 26886 | Snake:2  | Reached XP level 17. HP: 113/113 MP: 20/20
 27045 | Snake:2  | Identified the +9 morningstar of Riyvafow {protect, *Drain
                  | rElec rPois Int+8} (Okawaru gifted it to you on level 1 of
                  | the Snake Pit)
 27129 | Snake:2  | Noticed Vashnia
 27148 | Snake:2  | Killed Vashnia
 27789 | Snake:3  | Noticed Aizul
 27799 | Snake:3  | Killed Aizul
 27947 | Snake:3  | Received a gift from Okawaru
 28186 | Snake:3  | Noticed Saint Roka
 28206 | Snake:3  | Killed Saint Roka
 28206 | Snake:3  | Reached skill level 16 in Shields
 28465 | Snake:3  | Found Micwyum's General Store.
 28510 | Snake:3  | Bought 2 potions of haste for 280 gold pieces
 28913 | Snake:4  | Entered Level 4 of the Snake Pit
 28953 | Snake:4  | Reached skill level 17 in Shields
 28978 | Snake:4  | Received a gift from Okawaru
 28999 | Snake:4  | Reached XP level 18. HP: 109/120 MP: 21/21
 29072 | Snake:4  | Reached skill level 18 in Shields
 29161 | Snake:4  | Received a gift from Okawaru
 29210 | Snake:4  | Got a serpentine rune of Zot
 29435 | Snake:4  | Received a gift from Okawaru
 29435 | Snake:4  | Reached skill level 19 in Shields
 31056 | Shoals:2 | Found Fuinomoto's Food Shoppe.
 31465 | Shoals:3 | Reached skill level 20 in Shields
 31822 | Shoals:3 | Received a gift from Okawaru
 32132 | Shoals:3 | Found a runed translucent door.
 32261 | Shoals:4 | Entered Level 4 of the Shoals
 32261 | Shoals:4 | Noticed Roxanne
 32276 | Shoals:4 | Killed Roxanne
 32295 | Shoals:4 | Reached XP level 19. HP: 113/124 MP: 22/22
 32570 | Shoals:4 | Reached skill level 21 in Shields
 32583 | Shoals:4 | Received a gift from Okawaru
 32600 | Shoals:4 | Got a barnacled rune of Zot
 32806 | Shoals:4 | Identified Sif Muna's Catalogue of the Jolly Interlopers
 33025 | Shoals:4 | Got a steaming lapis lazuli ring
 33027 | Shoals:4 | Identified the ring of Jileingaets {Dex+2 Stlth-} (You
                  | found it on level 4 of the Shoals)
 33245 | Shoals:4 | Found a runed translucent gate.
 33245 | Shoals:4 | Found a runed translucent gate.
 33245 | Shoals:4 | Found a runed translucent gate.
 33248 | Shoals:4 | Noticed chimenez's ghost (adept TrFi)
 33274 | Shoals:4 | Killed chimenez's ghost
 33278 | Shoals:4 | Reached skill level 22 in Shields
 33279 | Shoals:4 | Received a gift from Okawaru
 33486 | Shoals:4 | Got a shimmering hat
 33494 | Shoals:4 | Identified the cursed +0 hat of Vavig {rElec Str+6 Dex-4}
                  | (You found it on level 4 of the Shoals)
 33516 | Shoals:4 | Received a gift from Okawaru
 33519 | Shoals:4 | Got a transparent chain mail {god gift}
 33521 | Shoals:4 | Identified the +3 chain mail "Douzeh" {rElec Str+3 Dex+2
                  | SInv} (Okawaru gifted it to you on level 4 of the Shoals)
 33957 | Vaults:1 | Entered Level 1 of the Vaults
 34021 | Vaults:1 | Found a magical portal.
 34058 | WizLab   | Entered Zonguldrok's Shrine
 34389 | WizLab   | Noticed an antique lich
 34404 | WizLab   | Killed an antique lich
 34404 | WizLab   | Reached skill level 23 in Shields
 34429 | WizLab   | Found the +9 sword of Zonguldrok {reap}
 34548 | Vaults:1 | Reached XP level 20. HP: 130/130 MP: 23/23
 34625 | Vaults:1 | Found a ruined gateway.
 34637 | Desolati | Entered the Desolation of Salt
 34902 | Desolati | Received a gift from Okawaru
 34931 | Desolati | Got a vibrating jade ring
 34935 | Desolati | Got a scorched iron ring
 34941 | Desolati | Got a steaming brass ring
 34942 | Desolati | Identified Cicad's Almanac of Weightlessness and
                  | Dislocation
 34951 | Desolati | Identified the ring "Jieleid" {+Blink rElec MP+9 Int-4
                  | Dex+9} (You found it in the Desolation of Salt)
 34952 | Desolati | Identified the ring "Veet" {rPois rF+ rC+ MR++ Int+2} (You
                  | found it in the Desolation of Salt)
 34953 | Desolati | Identified the ring of Huhurr {Wiz Int+2} (You found it in
                  | the Desolation of Salt)
 35042 | Desolati | Received a gift from Okawaru
 35158 | Desolati | Reached skill level 24 in Shields
 35311 | Desolati | Got a scintillating ruby amulet
 35434 | Desolati | Identified Nujimar's Reference Book on the Aerial Blaze
 35497 | Desolati | Got a wavering graven amulet
 35500 | Desolati | Got a glittering copper ring
 36399 | Vaults:1 | Found a huge runed gate.
 36399 | Vaults:1 | Found a huge runed gate.
 36399 | Vaults:1 | Found a huge runed gate.
 36399 | Vaults:1 | Found a huge runed gate.
 36400 | Vaults:1 | Found a huge runed gate.
 36400 | Vaults:1 | Found a huge runed gate.
 36400 | Vaults:1 | Found a huge runed gate.
 36400 | Vaults:1 | Found a huge runed gate.
 36400 | Vaults:1 | Found a huge runed gate.
 36400 | Vaults:1 | Found a huge runed gate.
 36404 | Vaults:1 | Found a huge runed gate.
 36404 | Vaults:1 | Found a huge runed gate.
 36404 | Vaults:1 | Found a huge runed gate.
 36404 | Vaults:1 | Found a huge runed gate.
 36404 | Vaults:1 | Found a huge runed gate.
 36404 | Vaults:1 | Found a huge runed gate.
 36404 | Vaults:1 | Found a huge runed gate.
 36405 | Vaults:1 | Found a huge runed gate.
 36406 | Vaults:1 | Found a huge runed gate.
 36414 | Vaults:1 | Found a huge runed gate.
 36414 | Vaults:1 | Found a huge runed gate.
 36414 | Vaults:1 | Found a huge runed gate.
 36414 | Vaults:1 | Found a huge runed gate.
 36414 | Vaults:1 | Found a huge runed gate.
 36414 | Vaults:1 | Found a huge runed gate.
 36414 | Vaults:1 | Found a huge runed gate.
 36415 | Vaults:1 | Found a huge runed gate.
 36416 | Vaults:1 | Found a huge runed gate.
 36453 | Vaults:1 | Found a huge runed gate.
 36453 | Vaults:1 | Found a huge runed gate.
 36453 | Vaults:1 | Found a huge runed gate.
 36453 | Vaults:1 | Found a huge runed gate.
 36453 | Vaults:1 | Found a huge runed gate.
 36453 | Vaults:1 | Found a huge runed gate.
 36454 | Vaults:1 | Found a huge runed gate.
 36455 | Vaults:1 | Found a huge runed gate.
 36782 | Vaults:1 | Received a gift from Okawaru
 36789 | Vaults:1 | Reached skill level 25 in Shields
 37153 | Vaults:1 | Noticed a lich
 37157 | Vaults:1 | Killed a lich
 37157 | Vaults:1 | Reached XP level 21. HP: 126/136 MP: 24/24
 37170 | Vaults:1 | Received a gift from Okawaru
 37192 | Vaults:1 | Got a pair of smoking gloves {god gift}
 37448 | Vaults:2 | Identified Bapp's Almanac of Execration
 37517 | Vaults:2 | Acquired 980 gold pieces
 37653 | Vaults:2 | Found a staircase to the Crypt.
 38265 | Vaults:2 | Received a gift from Okawaru
 38505 | Vaults:2 | Identified the +0 pair of gloves of Instinct {rF+ Dex+5}
                  | (Okawaru gifted it to you on level 1 of the Vaults)
 38510 | Vaults:2 | Identified the ring of Origaghi {*Contam rN++ MP+9} (You
                  | found it in the Desolation of Salt)
 38971 | Vaults:3 | Received a gift from Okawaru
 39163 | Vaults:3 | Reached XP level 22. HP: 133/146 MP: 25/25
 39248 | Vaults:3 | Received a gift from Okawaru
 39460 | Vaults:3 | Reached skill level 1 in Spellcasting
 40135 | Vaults:4 | Noticed a golden dragon
 40145 | Vaults:4 | Killed a golden dragon
 40147 | Vaults:4 | Received a gift from Okawaru
 40245 | Vaults:4 | Reached skill level 5 in Spellcasting
 40352 | Vaults:4 | Found the +8 glaive of the Guard {elec, +Rage AC+5 SInv}
 40421 | Vaults:4 | Identified the amulet of Jimiun {Regen+ SInv} (You found it
                  | in the Desolation of Salt)
 40422 | Vaults:4 | Identified the amulet "Loudwiok" {Inacc Str+4 Dex+6} (You
                  | found it in the Desolation of Salt)
 41248 | Vaults:5 | Entered Level 5 of the Vaults
 41253 | Vaults:5 | Reached XP level 23. HP: 139/155 MP: 27/33
 41253 | Vaults:5 | Received a gift from Okawaru
 41402 | Vaults:5 | Noticed a golden dragon
 41425 | Vaults:5 | Received a gift from Okawaru
 41435 | Vaults:4 | Killed a golden dragon
 41744 | Vaults:5 | Received a gift from Okawaru
 41781 | Vaults:5 | Reached skill level 10 in Spellcasting
 41811 | Vaults:5 | Gained mutation: Armour fits poorly on your strangely
                  | shaped body. [a shining eye]
 41882 | Vaults:5 | Noticed an ancient lich
 41898 | Vaults:5 | Killed an ancient lich
 41953 | Vaults:5 | Noticed a golden dragon
 41963 | Vaults:5 | Killed a golden dragon
 41999 | Vaults:5 | Noticed a golden dragon
 42005 | Vaults:5 | Killed a golden dragon
 42088 | Vaults:5 | Received a gift from Okawaru
 42188 | Vaults:5 | Received a gift from Okawaru
 42433 | Vaults:5 | Noticed a golden dragon
 42442 | Vaults:5 | Killed a golden dragon
 42561 | Vaults:5 | Reached XP level 24. HP: 125/164 MP: 37/37
 42721 | Vaults:5 | Received a gift from Okawaru
 43017 | Vaults:5 | Noticed Mara
 43023 | Vaults:5 | Noticed Delamore's illusion
 43049 | Vaults:5 | Noticed Delamore's illusion
 43061 | Vaults:5 | Killed Mara
 43198 | Vaults:5 | Identified the +3 falchion of Funarer {freeze, rPois rF-
                  | rC+ rN+}
 43275 | Vaults:5 | Identified the cursed +1 robe "Nyidosh" {rF- rC+ rN++}
 43446 | Vaults:5 | Noticed a caustic shrike
 43446 | Vaults:5 | an iron giant changed into a caustic shrike
 43449 | Vaults:5 | Killed a caustic shrike
 43502 | Vaults:5 | Got a silver rune of Zot
 43624 | Vaults:5 | Found the -2 hat of the Alchemist {rElec rPois rF+ rC+ rN+
                  | MR+ rMut rCorr}
 44114 | Depths:1 | Entered Level 1 of the Depths
 44139 | Depths:1 | Noticed Bai Suzhen
 44149 | Depths:1 | Killed Bai Suzhen
 44149 | Depths:1 | Received a gift from Okawaru
 44545 | Depths:1 | Found a gateway to Hell.
 45015 | Depths:1 | Found a runed translucent door.
 45060 | Depths:1 | Received a gift from Okawaru
 45375 | Depths:2 | Received a gift from Okawaru
 45415 | Depths:2 | Got a buzzing morningstar {god gift}
 45416 | Depths:2 | Identified the +2 morningstar of Disaster {venom, *Slow MR+
                  | SInv Stlth+} (Okawaru gifted it to you on level 2 of the
                  | Depths)
 45632 | Depths:2 | Reached XP level 25. HP: 152/172 MP: 37/37
 45780 | Depths:2 | Found a gateway to a ziggurat.
 45943 | Depths:2 | Found a runed translucent gate.
 45943 | Depths:2 | Found a runed translucent gate.
 45943 | Depths:2 | Found a runed translucent gate.
 45944 | Depths:2 | Found the +2 Maxwell's thermic engine {flame, freeze}
 45944 | Depths:2 | Found a runed translucent gate.
 45944 | Depths:2 | Found a runed translucent gate.
 45944 | Depths:2 | Found a runed translucent gate.
 46394 | Depths:2 | Received a gift from Okawaru
 46400 | Depths:2 | Got a pair of spiked gloves {god gift}
 47325 | Depths:2 | Identified the -7 pair of gloves of Orad {-Tele *Drain
                  | rN+++ Int+4} (Okawaru gifted it to you on level 2 of the
                  | Depths)
 47421 | Depths:2 | Found a one-way gate to the infinite horrors of the Abyss.
 47457 | Depths:2 | Voluntarily entered the Abyss.
 47790 | Abyss:1  | Identified Jaing's Compendium of Enchantment and Companions
 47809 | Abyss:1  | Reached skill level 15 in Armour
 47877 | Abyss:1  | Got a fine lapis lazuli ring
 47935 | Abyss:2  | Found a corrupted altar of Lugonu.
 47948 | Depths:2 | Escaped the Abyss
 48036 | Depths:2 | Identified the ring "Deuffud" {EV+4 Str+4} (You found it on
                  | level 1 of the Abyss)
 48075 | Hell     | Entered the Vestibule of Hell
 48075 | Hell     | Noticed Geryon
 48464 | Depths:3 | Found Qehaha's Antique Artefacts.
 48484 | Depths:3 | Bought a transparent marble ring for 135 gold pieces
 48484 | Depths:3 | Bought a smoking copper amulet for 135 gold pieces
 48563 | Depths:3 | Found a runed translucent door.
 48564 | Depths:3 | Noticed Jesawniq's ghost (legendary DrMo)
 48706 | Depths:3 | Killed Jesawniq's ghost
 48840 | Depths:3 | Received a gift from Okawaru
 49220 | Depths:3 | You fall into a shaft and drop 2 floors!
 49220 | Depths:5 | Entered Level 5 of the Depths
 49325 | Depths:4 | Paralysed by a floating eye for 3 turns
 49332 | Depths:4 | Paralysed by a floating eye for 2 turns
 49338 | Depths:4 | Paralysed by a floating eye for 4 turns
 49342 | Depths:4 | HP: 3/175 [Ice Fiend[a lich] (8)]
 49342 | Depths:4 | Slain by an Ice Fiend

Illustrated notes

Levels and vault maps discovered:
D:1:      dpeg_arrival_signposts, layout_basic
D:2:      layout_basic, old_standard_altar, lemuel_crystal_altar, first_ration,
          okawaru_altar_gauntlet_db, uniq_sigmund
D:3:      layout_loops_ring, serial_bayou, serial_bayou_pond_c,
          serial_bayou_pond_e, serial_bayou_crossing, serial_bayou_pond_d,
          serial_bayou_pond_e, uniq_robin
D:4:      layout_loops_cross, serial_shops, shop, uniq_pikel
D:5:      layout_basic, grunt_temple_overflow_order_and_chaos_2,
          grunt_temple_overflow_open, uniq_blork_the_orc
D:6:      minmay_goblin_kobold_castle, layout_loops_cross, basic_altar
D:7:      layout_basic, minmay_temple_entry_tees, serial_shops, shop_fountains
D:8:      layout_rooms, st_stairs_10, hangedman_little_slice_of_home
D:9:      layout_big_octagon, serial_shops, nicolae_shop_stone
D:10:     layout_loops_ring, serial_shops, nicolae_shop_crystal
D:11:     layout_roguey, grunt_lair_entry_orc_guard_hut, erik_orc_3
D:12:     layout_basic, basic_altar
D:13:     layout_cave_pools, erik_vaults_1, serial_shops, shop, uniq_rupert,
          uniq_sonja, uniq_erolcha
D:14:     layout_rooms, portal_ice_cave_entry_imps, hex_tiny, uniq_snorg,
          uniq_nessos
D:15:     gammafunk_depths_entry_grave, layout_irregular_city, serial_shops,
          nicolae_shop_trees, st_stairs_14
Lair:1:   layout_gridlike, nicolae_lair_grove_arrangements
Lair:2:   layout_cave_pods, shoals_dummy_entry,
          minmay_snake_entry_guardpost_small, ice2_lemuel
Lair:3:   regret_index_wax_grids, layout_regular_city, serial_bayou_shore_a
Lair:4:   layout_cave_pods, grunt_megastairs_4, uniq_kirke
Lair:5:   layout_cave_pods, slime_altar_1
Lair:6:   hangedman_lair_in_review, layout_cave_shapes
Shoals:1: layout_shoals
Shoals:2: nicolae_shoals_island_circles, layout_shoals, serial_shops,
          nicolae_shop_waterfront
Shoals:3: layout_shoals, ldierk_geyser, lightli_airlock
Shoals:4: shoals_end_grunt_ice, layout_shoals, gammafunk_ghost_tricky_traps,
          uniq_roxanne
Snake:1:  layout_layer_cave, grunt_megastairs_1, minmay_shop_grove,
          lemuel_fruit_tree
Snake:2:  layout_chambers, grunt_megastairs_2, uniq_vashnia
Snake:3:  layout_basic, serial_shops, shop, uniq_aizul, uniq_saint_roka
Snake:4:  minmay_snake_end_coiled, layout_basic
Orc:1:    layout_caves, serial_shops, nicolae_shop_window_shopping,
          roderic_batcave, mines1_david, uniq_nergalle
Orc:2:    st_orc_open, layout_caves, gammafunk_ghost_necromancy, special_room,
          mines5_lemuel
Vaults:1: nicolae_vaults_inception_scallops, nicolae_vaults_theta,
          v_alt_pattern_4, v_pattern_2, dpeg_vaults_monster_box,
          vaults_door_vault, ontoclasm_vaults_fault, vaults_room_boxed,
          vaults_room_large_hall, vaults_mumra_minichess,
          layout_vaults_quadrants, portal_desolation_entry_nicolae_nacl,
          mu_enter_wizlab_1
Vaults:2: minmay_crypt_entry_simple_sparse, nicolae_vaults_disjoint_gnomons,
          nicolae_vaults_asterisk, nicolae_vaults_specimen_jars,
          grunt_vaults_hallway_long, vaults_standard_mumra_enter_the_diamond,
          v_alt_pattern_3, hangedman_vaults_corner_blocks,
          ontoclasm_vaults_gateway, nicolae_vaults_border_crossing,
          ontoclasm_vaults_ligature, v_misc_10, layout_vaults_maze
Vaults:3: hangedman_vaults_stitches, ontoclasm_vaults_bender,
          vaults_room_door_hall, v_misc_29, vaults_dpeg_encased_lava,
          nicolae_vaults_shelves_hall, vaults_standard_mumra_enter_the_diamond,
          hangedman_vaults_cutoff, v_misc_1, vaults_room_stairs_pillars,
          layout_vaults_omnibox
Vaults:4: v_rooms_2, grunt_vaults_focal, grunt_vaults_twisty,
          nicolae_vaults_diagonal_hallway_8, vaults_mumra_hexcomb,
          minmay_guarded_unrand_guard_vaults, v_pattern_4,
          vaults_room_stairs_pillars, hangedman_vaults_maws,
          ontoclasm_vaults_spin, nicolae_vaults_little_squares_3,
          vaults_dpeg_ring, layout_vaults_big_room
Vaults:5: uniq_mara
Depths:1: layout_gridlike, hell_entry, grunt_decor_arrowhead,
          minmay_hidden_floor, grunt_megastairs_3, uniq_bai_suzhen
Depths:2: angbandy_vault, layout_gridville, enter_ziggurat_c, hell_entry,
          minmay_misc_feat_cross, abyss_entry,
          brannock_guarded_unrand_thermic_engine, infiniplex_staircase_spiral
Depths:3: minmay_diamond_stairs, layout_basic, pan_entry,
          minmay_strange_pillars, gammafunk_ghost_grave, minmay_room_of_horrors,
          hangedman_coc_ice_floe, drop_trap, nicolae_antique_artefacts,
          small_statue_intersection, minmay_misc_feat_nine_boxes,
          nooodl_food_tri, minmay_staircase_bubble, uniq_mennas
Depths:4: hangedman_cross_stitches, layout_honeycomb, hell_entry,
          marbit_kobold_abyss_entry, infiniplex_staircase_x
Depths:5: grunt_crosshair, layout_gridlike, serial_rivers,
          chequers_serial_rivers_large_a, chequers_serial_rivers_small_3,
          chequers_serial_rivers_micro_e, chequers_serial_rivers_marsh,
          chequers_serial_rivers_micro_d, chequers_serial_rivers_micro_c,
          lightli_too_deep, rand_demon_pan_entry_4
Hell

Skill      XL: |  1  2  3  4  5  6  7  8  9 10 11 12 13 14 15 16 17 18 19 20 21 22 23 24 25 |
---------------+----------------------------------------------------------------------------+-----
Fighting       | 4 5 6 9 13 15 17 19 20 21 22 | 22.6
Shields        | 4 5 6 7 11 14 15 17 20 23 25 | 25.0
Maces & Flails | 3 7 10 12 14 15 16 19 20 21 22 | 22.2
Throwing       | 2 5 |  5.0
Armour         | 4 10 11 13 15 | 15.7
Necromancy     | 4 8 9 |  9.5
Invocations    | 2 5 |  5.0
Evocations     | 1 5 |  5.0
Spellcasting   | 7 10 | 10.0

Action                   |  1- 3 |  4- 6 |  7- 9 | 10-12 | 13-15 | 16-18 | 19-21 | 22-24 | 25-27 || total
-------------------------+-------+-------+-------+-------+-------+-------+-------+-------+-------++-------
Melee: Flail             |   121 |   118 |       |       |       |       |       |       |       ||   239
       Mace              |       |   130 |     6 |       |       |       |       |       |       ||   136
       Whip              |       |       |   660 |   307 |       |       |       |       |       ||   967
       Eveningstar       |       |       |       |   427 |   979 |  1003 |  1331 |  1004 |   730 ||  5474
       Unarmed           |       |       |       |       |     1 |       |       |       |       ||     1
Throw: Dart              |       |     5 |       |    11 |       |       |       |       |       ||    16
       Javelin           |       |       |       |     3 |       |       |     6 |    52 |     9 ||    70
Invok: Finesse           |       |       |       |       |       |     1 |     1 |     2 |     2 ||     6
       Heroism           |       |       |       |       |       |     1 |       |       |     1 ||     2
 Abil: Stop Flying       |       |       |       |       |       |       |       |     1 |       ||     1
Evoke: Wand              |       |       |       |       |       |       |       |       |     3 ||     3
  Use: Scroll            |       |     2 |     7 |    12 |     5 |    16 |    18 |     8 |     5 ||    73
       Potion            |       |       |       |     3 |       |     1 |    11 |       |       ||    15
 Stab: Petrified         |       |       |       |       |     3 |       |       |       |       ||     3
       Confused          |       |       |       |       |       |       |     2 |       |       ||     2
  Eat: Chunk             |     1 |     8 |    13 |    10 |    22 |    15 |    24 |    18 |    10 ||   121
       Ration            |       |       |     1 |     3 |     2 |     4 |       |     1 |     1 ||    12
Armor: Scale mail        |    70 |   154 |    40 |       |       |       |       |       |       ||   264
       Chain mail        |       |       |   174 |   342 |   411 |       |       |       |       ||   927
       Plate armour      |       |       |       |       |   288 |   421 |   439 |   232 |   245 ||  1625
Dodge: Dodged            |    38 |   108 |    75 |   181 |   304 |   131 |   145 |    81 |    74 ||  1137
       Repelled          |     2 |     2 |    10 |    12 |       |       |       |       |       ||    26
Block: Kite shield       |    90 |   179 |   206 |   113 |   118 |   310 |       |       |       ||  1016
       Buckler           |       |       |       |   103 |   344 |       |       |       |       ||   447
       Tower shield      |       |       |       |       |       |   692 |  1679 |  1038 |   745 ||  4154
       Reflection        |       |       |       |       |       |   108 |   114 |    98 |    35 ||   355
